 Dungeon Crawl Stone Soup version 0.18.1-47-g9310371 (console) character file.

7497 Kloppie the Severer (level 11, 0/151 HPs)
             Began as a Hill Orc Berserker on June 14, 2016.
             Was a High Priest of Trog.
             Slain by Urug
             ... wielding a +0 great sword
              (17 damage)
             ... on level 10 of the Dungeon.
             The game lasted 00:17:41 (8399 turns).

Kloppie the Severer (Hill Orc Berserker)            Turns: 8399, Time: 00:17:42

Health: 0/151      AC: 17    Str: 26    XL:     11   Next: 16%
Magic:  11/11      EV: 11    Int:  7    God:    Trog [*****.]
Gold:   387        SH:  0    Dex: 13    Spells: 0 memorised, 10 levels left

rFire  + + .     SeeInvis .     a - +1 war axe
rCold  . . .     Gourm    .     D - +5 scale mail "Eclaweel" {rF++}
rNeg   . . .     Faith    .     (no shield)
rPois  +         Spirit   .     G - +1 helmet (curse)
rElec  .         Dismiss  .     (no cloak)
rCorr  .         Reflect  .     (no gloves)
SustAt .         Harm     .     N - +0 pair of boots
MR     .....                    F - amulet of regeneration
Stlth  ..........               x - ring of poison resistance
                                y - ring of loudness (curse)

@: berserking, very quick, not resistant to hostile enchantments, extremely
unstealthy
A: no striking features
a: Berserk, Trog's Hand, Brothers in Arms, Burn Spellbooks, Renounce Religion


You were on level 10 of the Dungeon.
You worshipped Trog.
Trog was extremely pleased with you.
You were not hungry.

You visited 1 branch of the dungeon, and saw 10 of its levels.
You also visited: Ossuary.

You collected 586 gold pieces.
You spent 199 gold pieces at shops.

Inventory:

Hand Weapons
 a - a +1 war axe (weapon)
 q - a +0 hand axe
Missiles
 s - 106 arrows
Armour
 D - the +5 scale mail "Eclaweel" (worn) {rF++}
   (You found it on level 4 of the Dungeon)

   It greatly protects you from fire.
 G - a cursed +1 helmet (worn)
 N - a +0 pair of boots (worn)
Jewellery
 e - an uncursed ring of protection from fire
 n - an uncursed amulet of guardian spirit
 u - an uncursed ring of protection from fire
 x - a ring of poison resistance (right hand)
 y - a cursed ring of loudness (left hand)
 F - an amulet of regeneration (around neck)
Wands
 r - a wand of lightning (7/15)
 t - a wand of slowing (47/48)
Scrolls
 b - 4 scrolls of identify
 d - 4 scrolls of teleportation
 o - a scroll of fear
 w - a scroll of magic mapping
 C - a scroll of enchant weapon
 E - 2 scrolls of blinking
 J - a scroll of enchant armour
Potions
 g - 3 potions of heal wounds
 h - 4 potions of degeneration
 i - 2 potions of berserk rage
 k - 5 potions of mutation
 l - 3 potions of cure mutation
 m - 2 potions of agility
 v - a potion of invisibility
 z - a potion of cancellation
 A - a potion of lignification
 B - 8 potions of curing
 H - 2 potions of might
 I - 3 potions of brilliance
Comestibles
 c - 5 bread rations
 f - 5 fruits
 j - 2 meat rations
 p - a beef jerky
 K - 11 royal jellies
 L - a slice of pizza
 M - 9 chunks of flesh


   Skills:
 + Level 10.7 Fighting
 * Level 15.1 Axes
 + Level 9.6 Armour
 - Level 1.5 Dodging


You had 10 spell levels left.
You didn't know any spells.

Dungeon Overview and Level Annotations

Branches:
Dungeon (10/15)            Temple (0/1) D:4             Orc (0/2) D:10
   Lair: D:8-11

Altars:
Elyvilon
Nemelex Xobeh
Okawaru
Pakellas
Qazlal
Ru
Sif Muna
Vehumet

Shops:
D:4 !!

Annotations:
D:10 Urug


Message History

You barely miss Urug.
Urug is moderately wounded.
Urug squints and says, "My one eye mightn't be all that good, but I can see you just fine with it, harpy."
Urug barely misses you.
You closely miss Urug.
Urug is moderately wounded.
You slash Urug!
Urug is heavily wounded.
Urug hits you with a great sword!
* * * LOW HITPOINT WARNING * * *
You slash Urug!
Urug is severely wounded.
Urug hits you with a great sword!
* * * LOW HITPOINT WARNING * * *
You hit Urug.
Urug is severely wounded.
You slash Urug!
Urug is almost dead.
Urug hits you with a great sword!
You die...

####...#####
#.##.##.#
#...#
#.##.##.#
#...#
#.##.##.#
#...#
#.##.##.#
##.##
#.......# #.#
####.###.
####.####
##.##..
#...$...####
#......
#..#)@.......
##.....
##..o........
###...
#.#.####.##..
##.. .! #. .#
. ##. ## #. .
## ## #. .#


You could see Urug.

Vanquished Creatures
  Erica (D:9)
  An unseen horror (D:10)
  Pikel (D:9)
  An ugly thing (D:9)
  Psyche (D:8)
  Sigmund (D:5)
  Eustachio (D:5)
  Menkaure (D:4)
  A sky beast (D:9)
  An ogre (D:4)
  An ice beast (D:10)
  3 phantoms
  4 centaurs
  A big kobold (D:7)
  2 giant frogs
  25 killer bees
  7 scorpions
  4 wights (D:7)
  3 crimson imps
  3 giant frog zombies (D:6)
  4 centaur zombies
  A quasit (D:8)
  2 giant frog skeletons
  A jelly (D:7)
  5 orc priests
  5 hounds
  10 orc wizards
  2 human zombies (Ossuary)
  An iguana (D:4)
  5 worker ants
  A killer bee zombie (D:7)
  4 big kobold zombies (Ossuary)
  A hound skeleton (D:6)
  3 mummies (Ossuary)
  A worker ant zombie (D:7)
  5 gnolls
  2 scorpion zombies (Ossuary)
  20 adders
  A shadow imp (D:7)
  3 adder zombies
  3 worms
  4 giant geckos
  37 orcs
  7 giant cockroaches
  3 goblins
  8 hobgoblins
  13 jackals
  11 kobolds
  6 quokkas
  6 ball pythons
  4 bats
  A giant gecko zombie (D:6)
  8 giant newts
  3 gnoll zombies (Ossuary)
  3 goblin zombies (Ossuary)
  3 hobgoblin zombies (Ossuary)
  A kobold zombie (Ossuary)
  2 orc zombies (Ossuary)
  11 rats
274 creatures vanquished.

Vanquished Creatures (collateral kills)
  A queen bee (D:9)
  4 killer bees (D:9)
5 creatures vanquished.

Vanquished Creatures (others)
  A jelly (D:6)
1 creature vanquished.

Grand Total: 280 creatures vanquished

Notes
Turn   | Place    | Note
--------------------------------------------------------------
     0 | D:1      | Kloppie the Hill Orc Berserker began the quest for the Orb.
     0 | D:1      | Reached XP level 1. HP: 19/19 MP: 1/1
    65 | D:1      | Found a sparkling altar of Nemelex Xobeh.
   112 | D:1      | Reached XP level 2. HP: 18/27 MP: 2/2
   530 | D:1      | Reached XP level 3. HP: 30/33 MP: 3/3
   571 | D:1      | Reached ** piety under Trog
   687 | D:2      | Reached skill level 5 in Axes
   826 | D:2      | Reached XP level 4. HP: 30/41 MP: 4/4
  1039 | D:2      | Reached XP level 5. HP: 43/47 MP: 5/5
  1399 | D:3      | Reached skill level 5 in Fighting
  1399 | D:3      | Reached skill level 6 in Axes
  1407 | D:3      | Reached XP level 6. HP: 40/56 MP: 2/6
  1433 | D:3      | Reached *** piety under Trog
  2158 | D:4      | Found a white marble altar of Elyvilon.
  2254 | D:4      | Reached skill level 7 in Axes
  2521 | D:4      | Noticed Menkaure
  2536 | D:4      | Killed Menkaure
  2536 | D:4      | Reached XP level 7. HP: 22/63 MP: 2/7
  2734 | D:4      | Reached skill level 8 in Axes
  2867 | D:4      | Found Sicvax's Distillery.
  2884 | D:4      | Bought a potion of mutation for 25 gold pieces
  2884 | D:4      | Bought a potion of lignification for 30 gold pieces
  2884 | D:4      | Bought a potion of heal wounds for 50 gold pieces
  2884 | D:4      | Bought a potion of curing for 30 gold pieces
  2884 | D:4      | Bought a potion of berserk rage for 50 gold pieces
  3080 | D:4      | Found Bory Nie's Distillery.
  3102 | D:4      | Bought a potion of degeneration for 14 gold pieces
  3120 | D:4      | Reached **** piety under Trog
  3140 | D:4      | Got a warped scale mail
  3151 | D:4      | Identified the +5 scale mail "Eclaweel" {rF++} (You found it on level 4 of the Dungeon)
  3385 | D:4      | Found a staircase to the Ecumenical Temple.
  3424 | D:5      | Entered Level 5 of the Dungeon
  3457 | D:5      | Noticed Eustachio
  3468 | D:5      | Killed Eustachio
  3468 | D:5      | Reached skill level 5 in Armour
  3468 | D:5      | Reached XP level 8. HP: 71/71 MP: 8/8
  3599 | D:5      | Reached skill level 9 in Axes
  3832 | D:5      | Noticed Sigmund
  3871 | D:5      | Killed Sigmund
  4524 | D:6      | Reached skill level 10 in Axes
  4894 | D:6      | Found an iron altar of Okawaru.
  4988 | D:6      | Reached XP level 9. HP: 80/80 MP: 9/9
  5196 | D:6      | Reached ***** piety under Trog
  5249 | D:6      | Reached skill level 11 in Axes
  5341 | D:6      | Found an oddly glowing altar of Pakellas.
  5341 | D:6      | Noticed an orange crystal statue
  5637 | D:6      | Found a deep blue altar of Sif Muna.
  6088 | D:7      | Found a sacrificial altar of Ru.
  6352 | D:7      | Found a radiant altar of Vehumet.
  6357 | D:7      | Found a stormy altar of Qazlal.
  6535 | D:7      | Found a sand-covered staircase.
  6543 | Ossuary  | Entered an ossuary
  6619 | Ossuary  | Reached skill level 12 in Axes
  6985 | D:8      | Noticed Psyche
  7003 | D:8      | Killed Psyche
  7003 | D:8      | Reached XP level 10. HP: 91/91 MP: 10/10
  7010 | D:8      | Reached skill level 13 in Axes
  7604 | D:9      | Noticed Pikel
  7617 | D:9      | Killed Pikel
  7720 | D:9      | Noticed Erica
  7721 | D:9      | Noticed a green ugly thing
  7730 | D:9      | Killed Erica
  7735 | D:9      | Killed a green ugly thing
  7735 | D:9      | Reached skill level 10 in Fighting
  7735 | D:9      | Reached skill level 14 in Axes
  8067 | D:9      | Reached XP level 11. HP: 74/101 MP: 11/11
  8249 | D:10     | Entered Level 10 of the Dungeon
  8250 | D:10     | Found a staircase to the Orcish Mines.
  8278 | D:10     | Killed an unseen horror
  8278 | D:10     | Reached skill level 15 in Axes
  8380 | D:10     | Noticed Urug
  8399 | D:10     | Slain by Urug

Skill      XL: |  1  2  3  4  5  6  7  8  9 10 11 |
---------------+----------------------------------+-----
Fighting       | 4 5 6 7 9 10 | 10.7
Axes           | 5 6 7 8 10 12 14 15 | 15.1
Armour         | 3 4 5 6 7 9 |  9.6
Dodging        | |  1.5

Action                   |  1- 3 |  4- 6 |  7- 9 | 10-12 || total
-------------------------+-------+-------+-------+-------++-------
Melee: Hand axe          |   113 |   241 |   183 |       ||   537
       War axe           |       |       |   317 |   237 ||   554
Invok: Berserk           |     2 |     4 |     5 |     3 ||    14
       Trog's Hand       |       |       |       |     1 ||     1
       Brothers in Arms  |       |       |       |     2 ||     2
  Use: Scroll            |       |     1 |    13 |     4 ||    18
       Potion            |       |       |       |     1 ||     1
  Eat: Chunk             |     2 |     9 |    14 |     5 ||    30
       Meat ration       |       |       |     1 |     1 ||     2
       Royal jelly       |       |       |     1 |       ||     1
Armor: Animal skin       |    14 |       |       |       ||    14
       Leather armour    |     8 |     1 |       |       ||     9
       Plate armour      |       |   159 |    38 |       ||   197
       Scale mail        |       |       |   236 |   159 ||   395
Dodge: Dodged            |    61 |    85 |   262 |   187 ||   595
